 Dungeon Crawl Stone Soup version 0.28-a0-793-g31680bbd8b (webtiles) character file.

Game seed: 14222112446548796319

548 frimble the Ruffian (level 7, -6/67 HPs)
             Began as a Troll Warper on Nov 4, 2021.
             Mangled by Duvessa (8 damage)
             ... on level 4 of the Dungeon.
             The game lasted 00:03:01 (2426 turns).

frimble the Ruffian (Troll Warper)                  Turns: 2426, Time: 00:03:02

Health: -6/67      AC:  6    Str: 20    XL:     7   Next: 7%
Magic:  4/7        EV: 10    Int: 11    God:
Gold:   101        SH:  0    Dex:  9    Spells: 6/8 levels left

rFire   + . .      SeeInvis .     - Unarmed
rCold   + . .      Faith    .   (no shield)
rNeg    . . .      Spirit   .   p - +2 robe {rC+ rF+}
rPois   .          Reflect  .   (helmet restricted)
rElec   .          Harm     .   (no cloak)
rCorr   .          Rampage  .   (gloves unavailable)
Will    .....                   (boots unavailable)
Stlth   +.........              (no amulet)
HPRegen 1.21/turn               (no ring)
MPRegen 0.10/turn               (no ring)

@: no status effects
A: large, unfitting armour, claws 3, regeneration 1, shaggy fur 1, tough skin 1
a: no special abilities


You were on level 4 of the Dungeon.
You visited 1 branch of the dungeon, and saw 4 of its levels.

You collected 101 gold pieces.

Inventory:

Hand Weapons
 h - a +2 dagger of electrocution
Missiles
 c - 2 boomerangs of dispersal (quivered)
 i - 3 boomerangs
Armour
 p - a +2 robe of resistance (worn)
Wands
 l - a wand of charming (8)
Scrolls
 a - a scroll of teleportation
 b - a scroll of blinking
 d - a scroll of enchant armour
 f - 3 scrolls of identify
 o - a scroll of acquirement {unknown}
Potions
 e - a potion of haste {unknown}
 g - a potion of lignification {unknown}
 j - a potion of degeneration {unknown}
 k - a potion of mutation {unknown}
 n - a potion of berserk rage {unknown}


   Skills:
 + Level 3.1 Fighting
 + Level 3.1 Throwing
 - Level 2.0 Dodging
 + Level 3.9 Unarmed Combat
 - Level 1.2 Spellcasting
 + Level 3.3 Translocations
 + Level 1.8 Evocations


You had 6 spell levels left.
You knew the following spells:

 Your Spells              Type           Power      Damage    Failure   Level
a - Blink                 Tloc           16%        N/A       12%         2

Your spell library contained the following spells:

 Spells                   Type           Power      Damage    Failure   Level
 Gell's Gravitas          Tloc           8%         N/A       24%         3
 Lesser Beckoning         Tloc           8%         N/A       24%         3
 Teleport Other           Tloc           8%         N/A       24%         3
 Summon Guardian Golem    Hex/Summ       0%         N/A       67%         3
 Manifold Assault         Tloc           8%         N/A       91%         5
 Orb of Destruction       Conj           0%         N/A       100%        7
 Spellforged Servitor     Conj/Summ      0%         N/A       100%        7


Dungeon Overview and Level Annotations

Branches:
Dungeon (4/15)
 Temple: D:4-7

Altars:
Makhleb
Okawaru

Shops:
D:3 (

Annotations:
D:3 diggie
D:4 Duvessa


Innate Abilities, Weirdness & Mutations

You are too large for most types of armour.
You have claws for hands.
Your natural rate of healing is unusually fast.
You are covered in fur. (AC +1)
You have tough skin. (AC +1)


Message History

A hobgoblin comes into view.
Duvessa hits you with a +0 short sword!
You scratch Duvessa.
Duvessa is heavily wounded.
Duvessa hits you with a +0 short sword.
You scratch Duvessa.
Duvessa is severely wounded.
Duvessa hits you with a +0 short sword. Duvessa hits you but does no damage.
Casting: Blink (safe; 12% risk of failure)
Confirm with . or Enter, or press ? or * to list all spells.
You blink.
Duvessa completely misses you.
You scratch Duvessa.
Duvessa is severely wounded.
Duvessa hits you with a +0 short sword. Duvessa hits you with a +0 short sword!
* * * LOW HITPOINT WARNING * * *
You feel better. Duvessa hits you with a +0 short sword!
* * * LOW HITPOINT WARNING * * *
You closely miss Duvessa.
Duvessa is severely wounded.
Duvessa barely misses you. Duvessa hits you with a +0 short sword!
* * * LOW HITPOINT WARNING * * *
Throw: 4 boomerangs (disperse)
Press: ? - help, Q - select action, (/) - cycle Shift-Dir - straight line, f/p - Duvessa
Aim: Duvessa, wielding a +0 short sword and wearing a +0 scale mail (severely wounded, berserk, 64% to hit)
You throw a boomerang of dispersal.
The boomerang of dispersal barely misses Duvessa.
The boomerang of dispersal closely misses the butterfly.
The hobgoblin closely misses you. Duvessa barely misses you.
The hobgoblin misses you.
Throw: 3 boomerangs (disperse)
Press: ? - help, Q - select action, (/) - cycle Shift-Dir - straight line, f/p - Duvessa
Aim: Duvessa, wielding a +0 short sword and wearing a +0 scale mail (severely wounded, berserk, 64% to hit)
You throw a boomerang of dispersal.
The boomerang of dispersal hits Duvessa but does no damage.
Duvessa is severely wounded.
You feel stable enough to blink again. Duvessa hits you with a +0 short sword.
* * * LOW HITPOINT WARNING * * *
Duvessa hits you with a +0 short sword!
You die...

#.##........#
#.##.#.....##
#...........#
#####.#.#......#
#.......#......#
######.....b..##.##.#
........##.#..#..# .#
#######.##e#......
#......@g...b# #
#.##.##.#...## #
#.##.#...##.
##.##...........
..........##...#.
###.#####........ #.
#.##.#.## #.# # #)#


You could see Duvessa (berserk) and a hobgoblin.

Vanquished Creatures
  Sigmund (D:2)
  2 scorpions
  Dowan (D:4)
  A howler monkey (D:3)
  A bullfrog skeleton (D:3)
  Natasha (twice) (D:2)
  5 adders
  2 dart slugs
  3 endoplasms
  2 giant cockroaches
  9 goblins
  6 hobgoblins
  2 quokkas (D:3)
  2 ball pythons (D:1)
  7 bats
  2 frilled lizards
  8 kobolds
  4 rats
60 creatures vanquished.

Notes
Turn   | Place    | Note
-------+----------+-------------------------------------------
     0 | D:1      | frimble the Troll Warper began the quest for the Orb.
     0 | D:1      | Reached XP level 1. HP: 19/19 MP: 1/1
    96 | D:1      | Reached skill level 1 in Throwing
   188 | D:1      | Reached XP level 2. HP: 28/28 MP: 2/2
   960 | D:2      | Found a faded altar of an unknown god.
   985 | D:2      | Reached XP level 3. HP: 35/35 MP: 3/3
  1014 | D:2      | Noticed Natasha
  1020 | D:2      | Killed Natasha
  1074 | D:2      | Reached XP level 4. HP: 42/42 MP: 4/4
  1077 | D:2      | Learned a level 2 spell: Blink
  1716 | D:2      | Noticed Natasha
  1726 | D:2      | Killed Natasha
  1804 | D:2      | Noticed Sigmund
  1813 | D:2      | Killed Sigmund
  1814 | D:2      | Reached skill level 1 in Evocations
  1814 | D:2      | Reached XP level 5. HP: 33/50 MP: 5/5
  1814 | D:2      | Reached XP level 6. HP: 40/59 MP: 6/6
  2069 | D:3      | Found Docu's Weapon Boutique.
  2144 | D:3      | Found a burning altar of Makhleb.
  2304 | D:4      | Found an iron altar of Okawaru.
  2396 | D:4      | Noticed Dowan
  2406 | D:4      | Killed Dowan
  2407 | D:4      | Reached XP level 7. HP: 67/67 MP: 7/7
  2407 | D:4      | Noticed Duvessa
  2424 | D:4      | HP: 3/67 [Duvessa (8)]
  2426 | D:4      | Mangled by Duvessa

Illustrated notes

Levels and vault maps discovered:
D:1:      evilmike_arrival_hilbert_curve, layout_basic, serial_park_tiny_pond
D:2:      layout_basic, hellmonk_ecumenical_altar_arch_garden,
          kennysheep_generic_room_10, uniq_sigmund, uniq_natasha
D:3:      layout_basic, lemuel_round_altar, serial_shops,
          nicolae_shop_waterfront, serial_glass, glass_columns_c,
          glass_columns_b, glass_columns_b, glass_columns_a,
          due_unseen_surprise, feat_on_display, item_on_display_a,
          item_on_display_a
D:4:      layout_loops_ring, nzn_wu_jian_contemplation, okawaru_gym_becter,
          minmay_temple_entry_butterflies, minmay_ogre_servants, uniq_ijyb,
          uniq_robin, uniq_duvessa

Skill      XL: |  1  2  3  4  5  6 |
---------------+-------------------+-----
Dodging        | 2 |  2.0
Throwing       | 1 2 3 |  3.1
Fighting       | 2 3 |  3.1
Unarmed Combat | 3 |  3.9
Translocations | 3 |  3.3
Evocations     | 1 |  1.8
Spellcasting   | |  1.2

Action                   |  1- 3 |  4- 6 |  7- 9 || total
-------------------------+-------+-------+-------++-------
Melee: Unarmed           |    81 |   111 |     6 ||   198
       Punch             |     1 |     2 |       ||     3
Throw: Boomerang         |     1 |       |     7 ||     8
 Cast: Blink             |       |     1 |     2 ||     3
  Use: Scroll            |       |     5 |       ||     5
       Potion            |       |     1 |     1 ||     2
Armor: Robe              |    29 |    27 |     1 ||    57
Dodge: Dodged            |    48 |    49 |     7 ||   104

Table legend: (Time is in decaauts)
 A = Elapsed time spent in this place.
 B = Non-inter-level travel time spent in this place.
 C = Inter-level travel time spent in this place.
 D = Time resting spent in this place.
 E = Time spent auto-exploring this place.
 F = Levels seen in this place.
 G = Mean time per level.
                   A        B        C        D        E       F      G
               +--------+--------+--------+--------+--------+-----+--------+
         Total |   2414 |   2304 |    110 |      0 |   1820 |   4 |  603.5 |
       Dungeon |   2414 |   2304 |    110 |      0 |   1820 |   4 |  603.5 |
               +--------+--------+--------+--------+--------+-----+--------+

Top non-repeatable levels by time:
     D:2: 960 daAuts
     D:1: 951 daAuts
     D:3: 373 daAuts
     D:4: 129 daAuts
